HSSL
H.H. DOW HS CHARGERS @ INDIANAPOLIS HS RIFLES
04/20/2026
 
TOP OF THE 1ST
H.H. Dow HS Chargers batting - Pitching for Indianapolis HS Rifles : LHP Fernando Pérez
Pitching: LHP Fernando Pérez
Batting: RHB Mario Ramírez 0-0: Foul Ball, location: 2F
0-1: Ground out 6-3 (Groundball, 6M)
Batting: LHB Steven Gregory 0-0: Foul Ball, location: 2F
0-1: Ball
1-1: Foul Ball, location: 2F
1-2: Ball
2-2: Ball
3-2: Base on Balls
Batting: RHB Joe Wiggs 0-0: Foul Ball, location: 2F
0-1: Reached on error, E4 (Groundball, 4S)
Steven Gregory to second
Batting: LHB T.J. Richardson 0-0: SINGLE (Groundball, 6M)
Steven Gregory to third
Joe Wiggs to second
Runner from 3rd tries for Home, SAFE, no throw or cutoff
Batting: LHB Bob Coztana 0-0: Ball
1-0: Foul Ball, location: 2F
1-1: Ball
2-1: Reached on error, E4 (Groundball, 34)
Joe Wiggs to third
T.J. Richardson to second
Batting: RHB Keith Olson Reached via error on a dropped throw, E6
Joe Wiggs scores
T.J. Richardson to third
Bob Coztana to second
Batting: RHB Greg Scott 0-0: Fly out, F5 (Popup, 5SF)
Batting: RHB Michael Ray 0-0: Called Strike
0-1: Foul Ball, location: 2F
0-2: Ball
1-2: SINGLE (Groundball, 56D)
T.J. Richardson scores
Bob Coztana to third
Keith Olson to second
Runner from 3rd tries for Home, SAFE, no throw or cutoff
Batting: SHB Jeremy Kline 0-0: DOUBLE (Line Drive, 7LS)
Keith Olson scores
Michael Ray to third
Runner from 3rd tries for Home, SAFE, no throw or cutoff
Batting: RHB Mario Ramírez 0-0: Called Strike
0-1: SINGLE (Flyball, 89S)
Jeremy Kline to third
Batting: LHB Steven Gregory 0-0: Swinging Strike
0-1: Called Strike
0-2: Ball
1-2: Ball
2-2: Ball
3-2: Base on Balls
Mario Ramírez to second
Batting: RHB Joe Wiggs 0-0: Foul Ball, location: 2F
0-1: Foul Ball, location: 2F
0-2: Ball
1-2: Foul Ball, location: 2F
1-2: Ball
2-2: Ball
3-2: SINGLE (Groundball, 4M)
Jeremy Kline scores
Mario Ramírez to third
Steven Gregory to second
Mario Ramírez scores
Steven Gregory to third
Batting: LHB T.J. Richardson 0-0: Ball
1-0: Ball
2-0: Called Strike
2-1: Ground out 6-3 (Groundball, 6)
Top of the 1st over - 8 run(s), 5 hit(s), 3 error(s), 2 left on base; H.H. Dow HS 8 - Indianapolis HS 0
BOTTOM OF THE 1ST
Indianapolis HS Rifles batting - Pitching for H.H. Dow HS Chargers : RHP Conrad Berry
Pitching: RHP Conrad Berry
Batting: LHB Sam Fuller 0-0: Fly out, F7 (Flyball, 7M)
Batting: RHB Nathan Smith 0-0: Called Strike
0-1: Ball
1-1: Ball
2-1: Fly out, F4 (Popup, 34D)
Batting: RHB Joe Noble 0-0: SOLO HOME RUN (Flyball, 7D), Distance : 381 ft
Batting: LHB Dave Sanders 0-0: Called Strike
0-1: Fly out, F7 (Flyball, 78M)
Bottom of the 1st over - 1 run(s), 1 hit(s), 0 error(s), 0 left on base; H.H. Dow HS 8 - Indianapolis HS 1
TOP OF THE 2ND
H.H. Dow HS Chargers batting - Pitching for Indianapolis HS Rifles : LHP Fernando Pérez
Batting: LHB Bob Coztana 0-0: Ball
1-0: Ground out U3 (Groundball, 3S)
Batting: RHB Keith Olson 0-0: Ball
1-0: Foul Ball, location: 2F
1-1: Ball
2-1: Foul Ball, location: 2F
2-2: Foul Ball, location: 2F
2-2: Ball
3-2: Foul Ball, location: 2F
3-2: DOUBLE (Line Drive, 7LS)
Batting: RHB Greg Scott 0-0: Swinging Strike
0-1: Ball
1-1: Swinging Strike
1-2: Strikes out swinging
Batting: RHB Michael Ray 0-0: Ball
1-0: 2-RUN HOME RUN (Flyball, 7LD), Distance : 357 ft
Pitching: LHP Jason Cabrera
Batting: SHB Jeremy Kline 0-0: Ball
1-0: Called Strike
1-1: SOLO HOME RUN (Flyball, 78XD), Distance : 419 ft
Batting: RHB Mario Ramírez 0-0: Ball
1-0: Ground out 6-3 (Groundball, 6)
Top of the 2nd over - 3 run(s), 3 hit(s), 0 error(s), 0 left on base; H.H. Dow HS 11 - Indianapolis HS 1
BOTTOM OF THE 2ND
Indianapolis HS Rifles batting - Pitching for H.H. Dow HS Chargers : RHP Conrad Berry
Batting: RHB Joe Farrell 0-0: Called Strike
0-1: Ball
1-1: Ball
2-1: DOUBLE (Line Drive, 6)
Batting: LHB Jason Welch 0-0: Called Strike
0-1: Ball
1-1: Ground out 6-3 (Groundball, 6)
Batting: RHB Wesley Wood 0-0: Foul Ball, location: 2F
0-1: DOUBLE (Line Drive, 8LXD)
Joe Farrell scores
Batting: RHB Tom Jones 0-0: Foul Ball, location: 2F
0-1: Fly out, F8 (Flyball, 78D)
Batting: RHB Lyle Jackson 0-0: Swinging Strike
0-1: Foul Ball, location: 2F
0-2: Ball
1-2: Ball
2-2: Ball
3-2: Base on Balls
Batting: LHB Sam Fuller 0-0: Called Strike
0-1: Ball
1-1: Swinging Strike
1-2: Foul Ball, location: 2F
1-2: Foul Ball, location: 2F
1-2: Strikes out swinging
Bottom of the 2nd over - 1 run(s), 2 hit(s), 0 error(s), 2 left on base; H.H. Dow HS 11 - Indianapolis HS 2
TOP OF THE 3RD
H.H. Dow HS Chargers batting - Pitching for Indianapolis HS Rifles : LHP Jason Cabrera
Batting: LHB Steven Gregory 0-0: Called Strike
0-1: Called Strike
0-2: Fly out, F8 (Flyball, 8RM)
Batting: RHB Joe Wiggs 0-0: DOUBLE (Line Drive, 9LM)
Batting: LHB T.J. Richardson 0-0: Called Strike
0-1: Ball
1-1: Ball
2-1: Ground out 5-3 (Groundball, 56S)
Joe Wiggs to third
Batting: LHB Bob Coztana 0-0: Called Strike
0-1: Ball
1-1: Ball
2-1: Foul Ball, location: 2F
2-2: Strikes out swinging
Top of the 3rd over - 0 run(s), 1 hit(s), 0 error(s), 1 left on base; H.H. Dow HS 11 - Indianapolis HS 2
BOTTOM OF THE 3RD
Indianapolis HS Rifles batting - Pitching for H.H. Dow HS Chargers : RHP Conrad Berry
Batting: RHB Nathan Smith 0-0: Bunt for hit - play at first, batter OUT! 2-3
Batting: RHB Joe Noble 0-0: Foul Ball, location: 2F
0-1: Foul Ball, location: 2F
0-2: SINGLE (Groundball, 6MD)
Batting: LHB Dave Sanders 0-0: Called Strike
0-1: Swinging Strike
0-2: Fly out, F8 (Flyball, 8RM)
Batting: RHB Joe Farrell 0-0: Called Strike
0-1: Ball
1-1: SINGLE (Flyball, 9LS)
Joe Noble to second
Runner from 2nd tries for 3rd, OUT!
Bottom of the 3rd over - 0 run(s), 2 hit(s), 0 error(s), 1 left on base; H.H. Dow HS 11 - Indianapolis HS 2
TOP OF THE 4TH
H.H. Dow HS Chargers batting - Pitching for Indianapolis HS Rifles : LHP Jason Cabrera
Batting: RHB Keith Olson 0-0: Ball
1-0: Ball
2-0: Called Strike
2-1: Ball
3-1: Base on Balls
Batting: RHB Greg Scott 0-0: Ball
1-0: Ball
2-0: Called Strike
2-1: Ball
3-1: Base on Balls
Keith Olson to second
Batting: RHB Michael Ray 0-0: DOUBLE (Line Drive, 78M)
Keith Olson scores
Greg Scott to third
Batting: SHB Jeremy Kline 0-0: Ground out 4-3 (Groundball, 4)
Greg Scott scores
Michael Ray to third
Batting: RHB Mario Ramírez 0-0: Fly out, F5 (Line Drive, 5S)
Batting: LHB Steven Gregory 0-0: Called Strike
0-1: Swinging Strike
0-2: Foul Ball, location: 2F
0-2: Hit by Pitch
Batting: RHB Joe Wiggs 0-0: Ball
1-0: Ball
2-0: Called Strike
2-1: Foul Ball, location: 2F
2-2: Ball
3-2: SINGLE (Line Drive, 34D)
Michael Ray scores
Steven Gregory to second
Steven Gregory to third
Batting: LHB T.J. Richardson 0-0: Foul Ball, location: 2F
0-1: Ball
1-1: SINGLE (Flyball, 8LS)
Steven Gregory scores
Joe Wiggs to second
Pitching: RHP Adrian Cooper
Batting: LHB Bob Coztana 0-0: Ball
1-0: Ball
2-0: Ball
3-0: Called Strike
3-1: Fly out, F6 (Popup, 6M)
Top of the 4th over - 4 run(s), 3 hit(s), 0 error(s), 2 left on base; H.H. Dow HS 15 - Indianapolis HS 2
BOTTOM OF THE 4TH
Indianapolis HS Rifles batting - Pitching for H.H. Dow HS Chargers : RHP Conrad Berry
Batting: LHB Jason Welch 0-0: Ball
1-0: Called Strike
1-1: Fly out, F6 (Line Drive, 6M)
Batting: RHB Wesley Wood 0-0: Called Strike
0-1: Ball
1-1: Swinging Strike
1-2: Strikes out swinging
Batting: RHB Tom Jones 0-0: SINGLE (Line Drive, 8LS)
Batting: RHB Lyle Jackson 0-0: Ball
1-0: Ball
2-0: Called Strike
2-1: Ball
3-1: Base on Balls
Tom Jones to second
Batting: LHB Sam Fuller 0-0: Ball
1-0: Called Strike
1-1: Ball
2-1: SINGLE (Line Drive, 9S)
Tom Jones to third
Lyle Jackson to second
Batting: RHB Nathan Smith Balk!
Tom Jones scores
Lyle Jackson to third
Sam Fuller to second
0-0: Foul Ball, location: 2F
0-1: Swinging Strike
0-2: Foul Ball, location: 2F
0-2: Ground out 5-3 (Groundball, 56)
Bottom of the 4th over - 1 run(s), 2 hit(s), 0 error(s), 2 left on base; H.H. Dow HS 15 - Indianapolis HS 3
TOP OF THE 5TH
H.H. Dow HS Chargers batting - Pitching for Indianapolis HS Rifles : RHP Adrian Cooper
Batting: RHB Keith Olson 0-0: Fly out, F7 (Line Drive, 78M)
Batting: RHB Greg Scott 0-0: Ball
1-0: Ball
2-0: Ball
3-0: Base on Balls
Batting: RHB Michael Ray 0-0: Ball
1-0: Called Strike
1-1: Foul Ball, location: 2F
1-2: Strikes out swinging
Batting: SHB Jeremy Kline 0-0: Called Strike
0-1: Foul Ball, location: 2F
0-2: Foul Ball, location: 2F
0-2: Foul Ball, location: 2F
0-2: Ground out 1-3 (Groundball, 13)
Top of the 5th over - 0 run(s), 0 hit(s), 0 error(s), 1 left on base; H.H. Dow HS 15 - Indianapolis HS 3
BOTTOM OF THE 5TH
Indianapolis HS Rifles batting - Pitching for H.H. Dow HS Chargers : RHP Conrad Berry
Batting: RHB Joe Noble 0-0: Ball
1-0: Ball
2-0: Ball
3-0: Called Strike
3-1: Foul Ball, location: 2F
3-2: Foul Ball, location: 2F
3-2: Foul Ball, location: 2F
3-2: DOUBLE (Flyball, 89D)
Batting: LHB Dave Sanders 0-0: Ball
1-0: Swinging Strike
1-1: Ball
2-1: Foul Ball, location: 2F
2-2: Foul Ball, location: 2F
2-2: Ball
3-2: Foul Ball, location: 2F
3-2: Fly out, F9 (Flyball, 89S)
Batting: RHB Joe Farrell 0-0: Ball
1-0: Called Strike
1-1: Foul Ball, location: 2F
1-2: Ball
2-2: Foul Ball, location: 2F
2-2: Hit by Pitch
Pitching: RHP Bill Bowers
Batting: LHB Jason Welch 0-0: Ball
1-0: Foul Ball, location: 2F
1-1: Swinging Strike
1-2: Ball
2-2: Fly out, F7 (Line Drive, 7LM)
Batting: RHB Wesley Wood 0-0: Ball
1-0: Called Strike
1-1: Called Strike
1-2: Ball
2-2: Strikes out looking
Bottom of the 5th over - 0 run(s), 1 hit(s), 0 error(s), 2 left on base; H.H. Dow HS 15 - Indianapolis HS 3
TOP OF THE 6TH
H.H. Dow HS Chargers batting - Pitching for Indianapolis HS Rifles : RHP Adrian Cooper
Batting: RHB Mario Ramírez 0-0: Swinging Strike
0-1: Ball
1-1: Called Strike
1-2: Strikes out looking
Batting: LHB Steven Gregory 0-0: Ground out 6-3 (Groundball, 6M)
Batting: RHB Joe Wiggs 0-0: Fly out, F9 (Flyball, 9M)
Top of the 6th over - 0 run(s), 0 hit(s), 0 error(s), 0 left on base; H.H. Dow HS 15 - Indianapolis HS 3
BOTTOM OF THE 6TH
Indianapolis HS Rifles batting - Pitching for H.H. Dow HS Chargers : RHP Bill Bowers
Batting: RHB Tom Jones 0-0: Ground out 6-3 (Groundball, 6M)
Batting: RHB Lyle Jackson 0-0: Swinging Strike
0-1: Fly out, F3 (Popup, 3SF)
Batting: LHB Sam Fuller 0-0: Called Strike
0-1: Swinging Strike
0-2: Ball
1-2: Fly out, F9 (Line Drive, 9D)
Bottom of the 6th over - 0 run(s), 0 hit(s), 0 error(s), 0 left on base; H.H. Dow HS 15 - Indianapolis HS 3
TOP OF THE 7TH
H.H. Dow HS Chargers batting - Pitching for Indianapolis HS Rifles : RHP Adrian Cooper
Pitching: RHP Arnie Zapata
Pinch Hitting: LHB Joaquín Trejo 0-0: Called Strike
0-1: Ball
1-1: Swinging Strike
1-2: Strikes out looking
Batting: LHB Bob Coztana 0-0: Ball
1-0: Foul Ball, location: 2F
1-1: Called Strike
1-2: Ball
2-2: Foul Ball, location: 2F
2-2: Foul Ball, location: 2F
2-2: Ball
3-2: Strikes out swinging
Batting: RHB Keith Olson 0-0: SOLO HOME RUN (Flyball, 7LD), Distance : 342 ft
Batting: RHB Greg Scott 0-0: SINGLE (Groundball, 34D)
Batting: RHB Michael Ray 0-0: Ball
Greg Scott is caught stealing 2nd base
Top of the 7th over - 1 run(s), 2 hit(s), 0 error(s), 0 left on base; H.H. Dow HS 16 - Indianapolis HS 3
BOTTOM OF THE 7TH
Indianapolis HS Rifles batting - Pitching for H.H. Dow HS Chargers : RHP Bill Bowers
Now in LF: Pat Turner
Batting: RHB Nathan Smith 0-0: Foul Ball, location: 2F
0-1: Ball
1-1: Ball
2-1: Foul Ball, location: 2F
2-2: Ball
3-2: Fly out, F3 (Popup, 34)
Pitching: RHP Zack Quintero
Batting: RHB Joe Noble 0-0: DOUBLE (Line Drive, 7D)
Batting: LHB Dave Sanders 0-0: Called Strike
0-1: Ball
1-1: Ball
2-1: Foul Ball, location: 2F
2-2: Ground out 5-3 (Groundball, 5S)
Joe Noble to third
Batting: RHB Joe Farrell 0-0: Swinging Strike
0-1: Swinging Strike
0-2: Strikes out looking
Bottom of the 7th over - 0 run(s), 1 hit(s), 0 error(s), 1 left on base; H.H. Dow HS 16 - Indianapolis HS 3
TOP OF THE 8TH
H.H. Dow HS Chargers batting - Pitching for Indianapolis HS Rifles : RHP Arnie Zapata
Batting: RHB Michael Ray 0-0: Ball
1-0: Ball
2-0: Ball
3-0: Called Strike
3-1: Called Strike
3-2: Fly out, F3 (Popup, 34)
Batting: SHB Jeremy Kline 0-0: Ball
1-0: Called Strike
1-1: Swinging Strike
1-2: Strikes out looking
Batting: RHB Mario Ramírez 0-0: Ball
1-0: Called Strike
1-1: Ground out 6-3 (Groundball, 6)
Top of the 8th over - 0 run(s), 0 hit(s), 0 error(s), 0 left on base; H.H. Dow HS 16 - Indianapolis HS 3
BOTTOM OF THE 8TH
Indianapolis HS Rifles batting - Pitching for H.H. Dow HS Chargers : RHP Zack Quintero
Batting: LHB Jason Welch 0-0: Called Strike
0-1: Swinging Strike
0-2: Strikes out swinging
Batting: RHB Wesley Wood 0-0: Ball
1-0: Called Strike
1-1: Ball
2-1: Foul Ball, location: 2F
2-2: Foul Ball, location: 2F
2-2: Ball
3-2: Strikes out swinging
Batting: RHB Tom Jones 0-0: Ball
1-0: Foul Ball, location: 2F
1-1: Ball
2-1: Called Strike
2-2: Foul Ball, location: 2F
2-2: Fly out, F3 (Popup, 3SF)
Bottom of the 8th over - 0 run(s), 0 hit(s), 0 error(s), 0 left on base; H.H. Dow HS 16 - Indianapolis HS 3
TOP OF THE 9TH
H.H. Dow HS Chargers batting - Pitching for Indianapolis HS Rifles : RHP Arnie Zapata
Pitching: LHP Walt MacKey
Pinch Hitting: RHB Roy Lovell 0-0: Ball
1-0: Swinging Strike
1-1: Foul Ball, location: 2F
1-2: Strikes out looking
Batting: RHB Joe Wiggs 0-0: Ball
1-0: Called Strike
1-1: Swinging Strike
1-2: Foul Ball, location: 2F
1-2: Strikes out swinging
Batting: RHB Pat Turner 0-0: Called Strike
0-1: Ground out 5-3 (Groundball, 56)
Top of the 9th over - 0 run(s), 0 hit(s), 0 error(s), 0 left on base; H.H. Dow HS 16 - Indianapolis HS 3
BOTTOM OF THE 9TH
Indianapolis HS Rifles batting - Pitching for H.H. Dow HS Chargers : RHP Zack Quintero
Now in RF: Roy Lovell
Batting: RHB Lyle Jackson 0-0: Called Strike
0-1: Ball
1-1: Foul Ball, location: 2F
1-2: Foul Ball, location: 2F
1-2: Foul Ball, location: 2F
1-2: Ground out U3 (Groundball, 3S)
Batting: LHB Sam Fuller 0-0: Reached on error, E5 (Groundball, 5L)
Batting: RHB Nathan Smith 0-0: Foul Ball, location: 2F
0-1: Foul Ball, location: 2F
0-2: Foul Ball, location: 2F
0-2: Ball
1-2: Ball
2-2: Ball
3-2: Foul Ball, location: 2F
3-2: Base on Balls
Sam Fuller to second
Batting: RHB Joe Noble 0-0: Ball
1-0: Fly out, F5 (Line Drive, 56S)
Batting: LHB Dave Sanders 0-0: Ball
1-0: Ball
2-0: Ball
3-0: Base on Balls
Sam Fuller to third
Nathan Smith to second
Batting: RHB Joe Farrell 0-0: Ball
1-0: Called Strike
1-1: Fielders Choice at 2nd, U6 (Groundball, 6M)
Bottom of the 9th over - 0 run(s), 0 hit(s), 1 error(s), 3 left on base; H.H. Dow HS 16 - Indianapolis HS 3
Monday, December 5th, 2016 - OOTP Baseball 17.12 Build 75